 Dungeon Crawl Stone Soup version 0.31-a0-1522-g43313d8a59 (webtiles) character file.

Game seed: 9541311677564168540

56 Flugkiller the Apothecary (level 3, -2/21 HPs)
             Began as an Octopode Alchemist on Dec 30, 2023.
             Slain by an orc
             ... wielding a +0 dagger
              (5 damage)
             ... on level 3 of the Dungeon.
             The game lasted 00:02:00 (514 turns).

Flugkiller the Apothecary (Octopode Alchemist)       Turns: 514, Time: 00:02:00

Health: -2/21      AC:  1    Str:  7    XL:     3   Next: 95%
Magic:  1/7        EV: 13    Int: 19    God:
Gold:   74         SH:  0    Dex: 18    Spells: 7/8 levels left

rFire   . . .        (no weapon)
rCold   . . .        (no shield)
rNeg    . . .        (helmet restricted)
rPois   .            (no amulet)
rElec   .            i - +6 ring of dexterity
rCorr   .            (no ring)
SInv    .            (no ring)
Will    .....        (no ring)
Stlth   +++          (no ring)
HPRegen 0.23/turn    (no ring)
MPRegen 0.10/turn    (no ring)
                     (no ring)

%: no passive effects
@: very slightly contaminated
A: almost no armour, amphibious, 8 rings, camouflage 1, gelatinous body 1,
(nimble swimmer 1), tentacles
a: no special abilities


You were on level 3 of the Dungeon.
You visited 1 branch of the dungeon, and saw 3 of its levels.

You collected 74 gold pieces.

Inventory:

Jewellery
 i - a +6 ring of dexterity (left tentacle)
   (You found it on level 2 of the Dungeon)
Talismans
 b - a beast talisman
   (You found it on level 1 of the Dungeon)
 f - a serpent talisman
   (You found it on level 2 of the Dungeon)
Scrolls
 c - 2 scrolls of enchant weapon {unknown}
 d - a scroll of poison {unknown}
 e - a scroll of vulnerability {unknown}
 h - 2 scrolls of identify {unknown}
Potions
 a - 2 potions of magic
 g - 2 potions of haste {unknown}
 j - a potion of curing {unknown}
 k - a potion of ambrosia {unknown}


   Skills:
 - Level 2.0 Dodging
 - Level 2.6 Stealth
 + Level 3.0 Spellcasting
 - Level 1.0 Conjurations
 + Level 4.3 Alchemy


You had 7 spell levels left.
You knew the following spells:

 Your Spells              Type           Power      Damage    Failure   Level
a - Sting                 Conj/Alch      52%        1d6       4%          1

Your spell library contained the following spells:

 Spells                   Type           Power      Damage    Failure   Level
 Mercury Vapours          Alch/Air       22%        N/A       10%         2
 Mephitic Cloud           Conj/Alch/Air  9%         N/A       22%         3
 Olgreb's Toxic Radiance  Alch           19%        N/A       26%         4
 Sticky Flame             Fire/Alch      11%        2d5       52%         4


Dungeon Overview and Level Annotations

Branches:
Dungeon (3/15) Zot: 17485

Altars:


Innate Abilities, Weirdness & Mutations

You cannot wear most types of armour.
You are amphibious.
You can wear up to eight rings at the same time.
Your skin changes colour to match your surroundings (Stealth+).
Your rubbery body absorbs attacks. (AC +1, EV +1)
((You are camouflaged when in or above water. (Stealth+)))
You have tentacles for arms and can constrict up to eight enemies at once.


Message History

You see here a ball python corpse.
Your magical contamination has completely faded away.
Found an escape hatch in the ceiling.
You open the door.
There is an open door here.
You open the door.
There is an open door here.
HP restored.
You see here a jackal corpse.
There is a stone staircase leading down here.
You see here a jackal corpse.
You climb downwards.
There is a stone staircase leading up here.
Found a jewelled hand axe. 2 orc wizards come into view.
Found a stone staircase leading down.
The orc wizard shouts!
You hear a shout!
The orc wizard shouts!
A quokka comes into view.
An orc comes into view. It is wielding a +0 falchion.
The orc wizard moves out of view.
Casting: Sting (safe; 5% risk of failure)
Confirm with . or Enter, or press ? or * to list all spells.
Aiming: Sting (safe; 5% risk of failure)
Press: ? - help, Shift-Dir - straight line, f - orc wizard
Aim: an orc wizard, wielding a +0 dagger and wearing a +0 robe (64% to hit)
The sting misses the orc wizard.
The orc shouts!
An orc comes into view. It is wielding a +0 dagger.
The orc wizard casts a spell at you. You resist with significant effort.
Casting: Sting (safe; 5% risk of failure)
Confirm with . or Enter, or press ? or * to list all spells.
Aiming: Sting (safe; 5% risk of failure)
Press: ? - help, Shift-Dir - straight line, f/p - orc wizard
Aim: an orc wizard, wielding a +0 dagger and wearing a +0 robe (64% to hit)
The sting misses the orc wizard.
Casting: Sting (safe; 5% risk of failure)
Confirm with . or Enter, or press ? or * to list all spells.
Aiming: Sting (safe; 5% risk of failure)
Press: ? - help, Shift-Dir - straight line, f/p - orc wizard
Aim: an orc wizard, wielding a +0 dagger and wearing a +0 robe (64% to hit)
The sting hits the orc wizard.
The orc wizard is poisoned.
The orc wizard is moderately wounded.
The orc wizard points at you and mumbles some strange words.
You resist with significant effort.
Casting: Sting (safe; 5% risk of failure)
Confirm with . or Enter, or press ? or * to list all spells.
Aiming: Sting (safe; 5% risk of failure)
Press: ? - help, Shift-Dir - straight line, f/p - orc wizard
Aim: an orc wizard, wielding a +0 dagger and wearing a +0 robe (moderately wounded, poisoned, 64% to hit)
The sting misses the orc wizard.
You tentacle-slap the orc wizard. You grab the orc wizard.
The orc wizard is moderately wounded.
You constrict the orc wizard, but do no damage.
The orc wizard closely misses you.
You tentacle-slap the orc wizard but do no damage.
The orc wizard is heavily wounded.
You constrict the orc wizard, but do no damage.
The orc wizard hits you with a +0 dagger.
You tentacle-slap the orc wizard but do no damage.
The orc wizard is heavily wounded.
You constrict the orc wizard.
The orc wizard gestures at you while chanting.
The puff of flame hits you!
Ouch! That really hurt!
Casting: Sting (safe; 5% risk of failure)
Confirm with . or Enter, or press ? or * to list all spells.
Aiming: Sting (safe; 5% risk of failure)
Press: ? - help, Shift-Dir - straight line, f/p - orc wizard
Aim: an orc wizard, wielding a +0 dagger and wearing a +0 robe (severely wounded, constricted by you, poisoned, 100% to hit)
You miscast Sting.
You are very lightly contaminated with residual magic.
Nothing appears to happen.
You constrict the orc wizard.
The orc wizard hits you with a +0 dagger.
Casting: Sting (safe; 5% risk of failure)
Confirm with . or Enter, or press ? or * to list all spells.
Aiming: Sting (safe; 5% risk of failure)
Press: ? - help, Shift-Dir - straight line, f/p - orc wizard
Aim: an orc wizard, wielding a +0 dagger and wearing a +0 robe (severely wounded, constricted by you, poisoned, 100% to hit)
The sting hits the orc wizard.
The orc wizard looks even sicker.
The orc wizard is severely wounded.
You constrict the orc wizard, but do no damage.
You kill the orc wizard!
Your Spellcasting skill increases to level 3!
Unknown command.
The orc attacks as it pursues you! The orc hits you with a +0 dagger.
* * * LOW HITPOINT WARNING * * *
Casting: Sting (safe; 4% risk of failure)
Confirm with . or Enter, or press ? or * to list all spells.
Aiming: Sting (safe; 4% risk of failure)
Press: ? - help, Shift-Dir - straight line, f - orc
Aim: an orc, wielding a +0 dagger (71% to hit)
The sting hits the orc.
The orc is poisoned.
The orc is moderately wounded.
The orc misses you. The orc attacks as it pursues you!
The orc hits you with a +0 dagger.
* * * LOW HITPOINT WARNING * * *
There is a stone staircase leading up here.
The orc hits you with a +0 dagger.
You die...

.#..#...###...# o..#)##
##..# ##.....####...#
#####.........†<#..##
#.......######..##..##
#.##....# ##........
.#..#..#####....###...
#........)oro..#....####
#........####@#####.#
#.....#... #..# .#
#######.##...## #
..##### ##.# ... ..


You could see 2 orcs and a quokka.

Vanquished Creatures
  An orc wizard (D:3)
  A dart slug (D:1)
  A ribbon worm (D:2)
  An orc (D:3)
  An endoplasm (D:1)
  3 goblins
  A hobgoblin (D:3)
  3 jackals (D:2)
  2 quokkas
  4 ball pythons
  A bat (D:1)
  3 frilled lizards
  A kobold (D:2)
  2 rats (D:2)
25 creatures vanquished.

Notes
Turn   | Place    | Note
-------+----------+-------------------------------------------
     0 | D:1      | Flugkiller the Octopode Alchemist began the quest for the
                  | Orb.
     0 | D:1      | Reached XP level 1. HP: 11/11 MP: 3/3
   110 | D:1      | Reached XP level 2. HP: 17/17 MP: 1/5
   388 | D:2      | Reached XP level 3. HP: 17/21 MP: 3/6
   389 | D:2      | Reached skill level 4 in Alchemy
   514 | D:3      | Slain by an orc

Illustrated notes

Levels and vault maps discovered:
D:1:      arrival_zaba_pyramid, layout_basic, shapermc_ecumenical_altar_petra,
          dk_noncrumbling_2, chequers_serial_rivers_micro_e,
          minmay_statues_item, hex_medium
D:2:      layout_basic, minivault_27, minmay_tiny_reverse_x
D:3:      layout_rooms, minitemple

Skill      XL: |  1  2  3 |
---------------+----------+-----
Alchemy        | 4 |  4.3
Spellcasting   | 3 |  3.0
Dodging        | |  2.0
Stealth        | |  2.6
Conjurations   | |  1.0

Action                     || total
---------------------------++-------
  Melee: Unarmed           ||    22
         Constrict         ||     7
         Tentacles         ||     5
   Cast: Sting             ||    35
 Armour: Skin              ||    14
  Dodge: Dodged            ||    15

Table legend: (Time is in decaauts)
 A = Elapsed time spent in this place.
 B = Non-inter-level travel time spent in this place.
 C = Inter-level travel time spent in this place.
 D = Time resting spent in this place.
 E = Time spent auto-exploring this place.
 F = Levels seen in this place.
 G = Mean time per level.
                   A        B        C        D        E       F      G
               +--------+--------+--------+--------+--------+-----+--------+
         Total |    513 |    486 |     27 |      0 |      0 |   3 |  171.0 |
       Dungeon |    513 |    486 |     27 |      0 |      0 |   3 |  171.0 |
               +--------+--------+--------+--------+--------+-----+--------+

Top non-repeatable levels by time:
     D:2: 228 daAuts
     D:1: 204 daAuts
     D:3: 81 daAuts
